 Dungeon Crawl Stone Soup version 0.24.1-4-ge52af88ad5 (webtiles) character file.

Game seed: 4135350845062076914, levelgen mode: deterministic

22 Callisto the Firebug (level 2, 0/15 HPs)
             Began as a Tengu Fire Elementalist on Apr 14, 2020.
             Slain by a jackal (1 damage)
             ... on level 1 of the Dungeon.
             The game lasted 00:02:33 (783 turns).

Callisto the Firebug (Tengu Fire Elementalist)       Turns: 783, Time: 00:02:33

Health: 0/15       AC:  5    Str:  8    XL:     2   Next: 91%
Magic:  0/6        EV: 10    Int: 15    God:
Gold:   49         SH:  0    Dex: 14    Spells: 4/5 levels left

rFire    . . .     SeeInvis .   h - +0 whip
rCold    . . .     Gourm    +   (no shield)
rNeg     . . .     Faith    .   j - +0 ring mail
rPois    .         Spirit   .   (helmet restricted)
rElec    .         Reflect  .   (no cloak)
rCorr    .         Harm     .   (no gloves)
MR       .....                  (boots unavailable)
Stlth    +.........             f - amulet of the gourmand
HPRegen  0.05/turn              (no ring)
MPRegen  0.10/turn              (no ring)

@: very slightly contaminated
A: beak, talons 3
a: no special abilities


You were on level 1 of the Dungeon.
You were not hungry.

You visited 1 branch of the dungeon, and saw 1 of its levels.

You collected 49 gold pieces.

Inventory:

Hand Weapons
 h - a +0 whip (weapon)
Missiles
 g - 28 poisoned darts (quivered)
Armour
 a - a +0 robe
 j - a +0 ring mail (worn)
Jewellery
 f - an amulet of the gourmand (around neck)
Scrolls
 b - 2 scrolls of fear {unknown}
Potions
 d - a potion of haste {unknown}
 e - 2 potions of cancellation {unknown}
Comestibles
 c - 2 rations


   Skills:
 * Level 1.0 Armour
 - Level 2.1 Dodging
 - Level 2.0 Stealth
 + Level 2.2 Spellcasting
 * Level 2.1 Conjurations
 + Level 3.7 Fire Magic


You had 4 spell levels left.
You knew the following spells:

 Your Spells              Type           Power        Failure   Level  Hunger
a - Flame Tongue          Conj/Fire      ##...        21%         1    #......

Your spell library contained the following spells:

 Spells                   Type           Power        Failure   Level  Hunger
 Throw Flame              Conj/Fire      ##....       30%         2    ###....
 Conjure Flame            Conj/Fire      ##......     52%         3    ###....
 Inner Flame              Hex/Fire       #.......     67%         3    ###....
 Sticky Flame             Conj/Fire      ##......     89%         4    #####..
 Fireball                 Conj/Fire      ##........   99%         5    ######.


Dungeon Overview and Level Annotations

Branches:
Dungeon (1/15)

Altars:


Innate Abilities, Weirdness & Mutations

You have a beak for a mouth.
You have claws for feet.


Message History

Press: ? - help, Shift-Dir - straight line, f/p - jackal
Aim: a jackal (heavily wounded)
The flame tongue misses the jackal.
The jackal bites you.
* * * LOW HITPOINT WARNING * * *
The jackal bites you but does no damage.
You closely miss the jackal. You claw the jackal, but do no damage.
The jackal is heavily wounded.
The jackal bites you but does no damage.
You closely miss the jackal. You claw the jackal.
The jackal is severely wounded.
The jackal bites you but does no damage. x2
You miss the jackal. Your kick misses the jackal. Your peck misses the jackal.
The jackal is severely wounded.
The jackal bites you.
* * * LOW HITPOINT WARNING * * *
You barely miss the jackal.
The jackal is severely wounded.
The jackal bites you but does no damage.
The jackal bites you.
You die...

#...# #.# #... #+#+#
#.######.# #.#
#####.##.....#
#.######..#..##.###..
#.....#..#'..##.##..#
#.###.#.##......###.#
#...#...#....#..##...
###.#####............ .
#.@##......#..##### ...
###h.÷..♣..#..#
.....###+###.........#..#
.........(...(..........#
.....##.####..#####..#.#
##..##†####..# ##÷#.#
#..)÷.......######.#.#
#(#.....##............
#.###†##[.######.#..


You could see a jackal.

Vanquished Creatures
  A leopard gecko (D:1)
  2 hobgoblins (D:1)
  5 jackals (D:1)
  2 bats (D:1)
  2 goblins (D:1)
  6 kobolds (D:1)
  3 rats (D:1)
21 creatures vanquished.

Notes
Turn   | Place    | Note
-------+----------+-------------------------------------------
     0 | D:1      | Callisto the Tengu Fire Elementalist began the quest for
                  | the Orb.
     0 | D:1      | Reached XP level 1. HP: 10/10 MP: 4/4
   409 | D:1      | Reached XP level 2. HP: 15/15 MP: 4/6
   766 | D:1      | Reached skill level 1 in Armour
   783 | D:1      | Slain by a jackal

Levels and vault maps discovered:
D:1:      nicolae_arrival_somewhat_less_tricky_arrival, layout_loops_ring,
          minmay_tromino_v4_b

Skill      XL: |  1  2 |
---------------+-------+-----
Conjurations   | 2 |  2.1
Armour         | 1 |  1.0
Dodging        | |  2.1
Stealth        | |  2.0
Spellcasting   | |  2.2
Fire Magic     | |  3.7

Action                   || total
-------------------------++-------
Melee: Unarmed           ||     1
       Whip              ||    17
       Kick              ||     5
       Peck              ||     1
 Cast: Flame Tongue      ||    39
  Eat: Chunk             ||     7
Armor: Robe              ||     2
       Ring mail         ||    17
Dodge: Dodged            ||    21
